 Dungeon Crawl Stone Soup version 0.15.2 (webtiles) character file.

435 Miyamura the Skirmisher (level 6, -3/52 HPs)
             Began as a Draconian Transmuter on Dec 14, 2014.
             Was an Initiate of Makhleb.
             Slain by a wight
             ... wielding a +3 dire flail
              (7 damage)
             ... on Level 4 of the Dungeon.
             The game lasted 00:10:51 (4500 turns).

Miyamura the Skirmisher (Draconian Transmuter)      Turns: 4500, Time: 00:10:51

HP  -3/52        AC  7     Str 12      XL: 6   Next: 68%
MP  13/13        EV 12     Int 15      God: Makhleb [......]
Gold 238         SH  0     Dex 12      Spells:  3 memorised,  4 levels left

rFire  . . .     SeeInvis .     c - +3 dagger (venom)
rCold  . . .     Clarity  .     (armour unavailable)
rNeg   . . .     rCorr    .     (no shield)
rPois  .         rRot     .     (helmet restricted)
rElec  .         Spirit   .     l - +0 cloak
SustAb .         Warding  .     (no gloves)
rMut   .         Stasis   .     (no boots)
Gourm  .                        (no amulet)
MR     .....                    (no ring)
                                (no ring)

@: heavily drained, not resistant to hostile enchantments, very unstealthy
A: unfitting armour, cold-blooded, AC +6
a: Renounce Religion


You were on level 4 of the Dungeon.
You worshipped Makhleb.
Makhleb was noncommittal.
You were not hungry.

You visited 2 branches of the dungeon, and saw 6 of its levels.

You collected 238 gold pieces.

Inventory:

Hand weapons
 c - a +3 dagger of venom (weapon)
Missiles
 b - 53 arrows
Armour
 l - a +0 cloak (worn)
Comestibles
 a - 3 bread rations
 i - a slice of pizza
 w - 2 beef jerkies
Scrolls
 f - 5 scrolls of remove curse
 g - a scroll of magic mapping {unknown}
 n - a scroll of blinking {unknown}
 p - 2 scrolls of fog
 q - a scroll of enchant weapon {unknown}
 r - a scroll of identify {unknown}
 t - a scroll of immolation
 y - a scroll of fear {unknown}
 z - a scroll of teleportation {unknown}
 C - a scroll of amnesia {unknown}
Jewellery
 x - an uncursed amulet of rage {unknown}
Potions
 e - 3 potions of might {unknown}
 h - a potion of magic {unknown}
 j - a potion of confusion {unknown}
 k - a potion of cancellation {unknown}
 m - 2 potions of brilliance {unknown}
 o - a potion of restore abilities {unknown}
 s - a potion of resistance {unknown}
 u - a potion of poison {unknown}
 v - a potion of curing {unknown}
 E - a potion of invisibility {unknown}
Books
 d - a book of Changes

   Spells                             Type                      Level
   *Beastly Appendage                 Transmutation                1
   Sticks to Snakes                   Transmutation                2
   *Spider Form                       Transmutation/Poison         3
   *Ice Form                          Ice/Transmutation            4
   Blade Hands                        Transmutation                5
 A - a book of Power

   Spells                             Type                      Level
   Fulminant Prism                    Conjuration/Hexes            4
   Iskenderun's Mystic Blast          Conjuration                  4
   Venom Bolt                         Conjuration/Poison           5
   Bolt of Magma                      Conjuration/Fire/Earth       5
   Iron Shot                          Conjuration/Earth            6
   Orb of Destruction                 Conjuration                  7
 B - a book of Clouds

   Spells                             Type                      Level
   Mephitic Cloud                     Conjuration/Poison/Air       3
   Conjure Flame                      Conjuration/Fire             3
   Poisonous Cloud                    Conjuration/Poison/Air       6
   Freezing Cloud                     Conjuration/Ice/Air          6
   Ring of Flames                     Charms/Fire                  7


   Skills:
 + Level 3.9(2.7) Fighting
 + Level 3.6(2.4) Dodging
 - Level 3.0(1.8) Unarmed Combat
 + Level 3.7(2.5) Spellcasting
 + Level 3.7(2.5) Transmutations


You had 4 spell levels left.
You knew the following spells:

 Your Spells              Type           Power        Failure   Level  Hunger
a - Beastly Appendage     Trmt           #.....       10%         1    #......
b - Spider Form           Trmt/Pois      #.........   43%         3    ####...
c - Ice Form              Ice/Trmt       #.......     97%         4    #####..


Dungeon Overview and Level Annotations

Branches:
Dungeon (5/15)             Temple (1/1) D:4

Altars:
Ashenzari
Cheibriados
Dithmenos
Elyvilon
Fedhas
Kikubaaqudgha
Makhleb
Nemelex Xobeh
Sif Muna
Xom
Yredelemnul
The Shining One


Innate Abilities, Weirdness & Mutations

Your plain brown scales are hard (AC +6).
Your body does not fit into most forms of armour.
Your cold-blooded metabolism reacts poorly to cold.


Message History

You hit the wight but do no damage.
The wight is almost destroyed.
The wight completely misses you.
You completely miss the wight.
The wight is almost destroyed.
The wight completely misses you.
You closely miss the wight.
Your tail-slap misses the wight.
The wight is almost destroyed.
You hit the wight.
The wight is almost destroyed.
The wight closely misses you.
You closely miss the wight.
The wight is almost destroyed.
The wight hits you with a glowing dire flail!
You hit the wight but do no damage.
The wight is almost destroyed.
The wight hits you with a glowing dire flail!
* * * LOW HITPOINT WARNING * * *
You feel drained.
You die...

######.####
#..........
#.####.#### #.#
#.##.. #.# #.##..
#.# #.##.. #.#
#.##..
###############.#
#.....
..>...zz@ยง.>....#
###...
.##...###########
###... #... #.....
... #..... ##.#
#..... ..# ......
#.# ##.... #.#
#.### #[# #.# #


You could see 2 wights.

Vanquished Creatures
  An ogre (D:4)
  A wight (D:4)
  An orc priest (D:4)
  An orc wizard (D:4)
  An iguana (D:4)
  A worker ant (D:4)
  Terence (D:2)
  6 adders
  A scorpion zombie (D:3)
  4 worms
  17 orcs
  12 bats
  A giant cockroach (D:2)
  8 hobgoblins
  4 jackals (D:3)
  6 kobolds
  A ball python (D:1)
  4 giant geckos (D:3)
  2 giant newts
  12 goblins
  A goblin skeleton (D:4)
  2 orc skeletons (D:4)
  2 quokkas (D:2)
  10 rats
  A rat skeleton (D:4)
101 creatures vanquished.

Notes
Turn   | Place    | Note
--------------------------------------------------------------
     0 | D:1      | Miyamura, the Draconian Transmuter, began the quest for the Orb.
     0 | D:1      | Reached XP level 1. HP: 16/16 MP: 3/3
   385 | D:1      | Reached XP level 2. HP: 23/23 MP: 4/4
   932 | D:2      | Noticed Terence
   961 | D:2      | Killed Terence
   961 | D:2      | Reached XP level 3. HP: 29/29 MP: 4/6
  1293 | D:2      | Reached XP level 4. HP: 28/37 MP: 8/8
  2088 | D:3      | Found a shadowy altar of Dithmenos.
  2290 | D:3      | Learned a level 3 spell: Spider Form
  2295 | D:3      | Learned a level 4 spell: Ice Form
  2438 | D:3      | Reached XP level 5. HP: 42/42 MP: 11/11
  3505 | D:5      | Entered Level 5 of the Dungeon
  3641 | D:4      | Found a staircase to the Ecumenical Temple.
  3725 | Temple   | Entered the Ecumenical Temple
  3817 | Temple   | Became a worshipper of Makhleb the Destroyer
  3950 | D:4      | Noticed an ogre
  3981 | D:4      | Killed an ogre
  3981 | D:4      | Reached XP level 6. HP: 24/51 MP: 13/13
  4500 | D:4      | Slain by a wight

Action                   |  1- 3 |  4- 6 || total
-------------------------+-------+-------++-------
Melee: Dagger            |    55 |   256 ||   311
       Unarmed           |     2 |       ||     2
 Cast: Beastly Appendage |     3 |     4 ||     7
  Use: Scroll            |     1 |     2 ||     3
  Eat: Chunk             |     1 |    11 ||    12
